 Dungeon Crawl Stone Soup version 0.24.1-14-gf8d2b509d9 (webtiles) character file.

Game seed: 18360335022362763055, levelgen mode: deterministic

77 Hugehornet the Sneak (level 4, 0/29 HPs)
             Began as an Octopode Enchanter on May 20, 2020.
             Slain by a goblin
             ... wielding a +0 dagger
             ... led by Robin
              (3 damage)
             ... on level 2 of the Dungeon.
             The game lasted 00:03:26 (2039 turns).

Hugehornet the Sneak (Octopode Enchanter)           Turns: 2039, Time: 00:03:27

Health: 0/29       AC:  1    Str:  7    XL:     4   Next: 33%
Magic:  7/7        EV: 13    Int: 18    God:
Gold:   69         SH:  0    Dex: 12    Spells: 1/7 levels left

rFire    . . .     SeeInvis .   a - +1 dagger
rCold    . . .     Gourm    .   (no shield)
rNeg     . . .     Faith    .   (helmet restricted)
rPois    .         Spirit   .   (no amulet)
rElec    .         Reflect  .   (no ring)
rCorr    .         Harm     .   (no ring)
MR       .....                  (no ring)
Stlth    ++++......             (no ring)
HPRegen  0.09/turn              (no ring)
MPRegen  0.10/turn              (no ring)
                                (no ring)
                                (no ring)

@: no status effects
A: almost no armour, stealthy swim, amphibious, 8 rings, constrict 8, camouflage
1, gelatinous body 1
a: no special abilities


You were on level 2 of the Dungeon.
You were hungry.

You visited 1 branch of the dungeon, and saw 2 of its levels.

You collected 69 gold pieces.

Inventory:

Hand Weapons
 a - a +1 dagger (weapon)
Scrolls
 b - 4 scrolls of identify {unknown}
 e - 3 scrolls of remove curse {unknown}
 f - a scroll of fog {unknown}
 g - a scroll of magic mapping {unknown}
Potions
 d - a potion of haste {unknown}
 h - a potion of magic {unknown}
 j - a potion of heal wounds {unknown}
 k - a potion of ambrosia {unknown}
Comestibles
 c - 2 rations


   Skills:
 - Level 2.0 Fighting
 - Level 2.3 Short Blades
 - Level 2.0 Dodging
 + Level 5.3 Stealth
 - Level 2.0 Spellcasting
 - Level 3.0 Hexes


You had one spell level left.
You knew the following spells:

 Your Spells              Type           Power        Failure   Level  Hunger
a - Ensorcelled Hibernat  Hex/Ice        #.....       14%         2    ###....
b - Corona                Hex            ##.....      5%          1    #......
c - Confuse               Hex            ##......     16%         3    ###....

Your spell library contained the following spells:

 Spells                   Type           Power        Failure   Level  Hunger
 Tukima's Dance           Hex            ##......     16%         3    ###....
 Dazzling Spray           Conj/Hex       #.....       28%         3    ###....


Dungeon Overview and Level Annotations

Branches:
Dungeon (2/15)

Altars:

Annotations:
D:2 Robin


Innate Abilities, Weirdness & Mutations

You cannot wear most types of armour.
You are very stealthy in the water. (Stealth+)
You are amphibious.
You can wear up to eight rings at the same time.
You can use your tentacles to constrict eight enemies at once.
Your skin changes colour to match your surroundings (Stealth+).
Your rubbery body absorbs attacks. (AC +1, EV +1)


Message History

You hit the goblin. Your grab misses the goblin.
Your squeeze misses the goblin.
The goblin is heavily wounded.
The goblin closely misses you. The goblin hits you with a +0 dagger.
You hit the goblin.
You kill the goblin!
Robin roars a battlecry!
The goblins go into a battle-frenzy!
The goblin hits you with a +0 dagger!
You hit the hobgoblin but do no damage. Your grab misses the hobgoblin.
Your squeeze misses the hobgoblin. The hobgoblin barely misses you.
You hit the goblin. You grab the goblin.
The goblin is severely wounded.
You constrict the goblin, but do no damage.
The goblin hits you with a +0 dagger. The hobgoblin hits you with a +0 club!
* * * LOW HITPOINT WARNING * * *
You release your grip on the goblin.
You are feeling hungry.
The goblin hits you with a +0 dagger.
You die...

.....#...... ......
.....#....# .....
.....#....# ...#
.....#....#### .g#
.#####.###†#.## #g#
.# #.# ##.#.# #g#
.# #.# #.#.## #g#
.#####.####.#.###.#
..........####..@g#
..........# #....#
........÷.####....#
..................#
.........#.########
...........#
...>....####
.......## ......##


You could see Robin, 3 hobgoblins and a goblin.

Vanquished Creatures
  A gnoll (D:1)
  An adder (D:2)
  An ooze (D:1)
  3 dart slugs
  A leopard gecko (D:2)
  7 hobgoblins
  4 jackals (D:2)
  2 quokkas (D:2)
  A ball python (D:1)
  5 bats (D:2)
  2 frilled lizards (D:1)
  8 goblins
  6 kobolds
  3 rats
45 creatures vanquished.

Notes
Turn   | Place    | Note
-------+----------+-------------------------------------------
     0 | D:1      | Hugehornet the Octopode Enchanter began the quest for the
                  | Orb.
     0 | D:1      | Reached XP level 1. HP: 11/11 MP: 3/3
   220 | D:1      | Reached XP level 2. HP: 17/17 MP: 5/5
   530 | D:1      | Reached XP level 3. HP: 10/21 MP: 6/6
   734 | D:1      | Reached skill level 5 in Stealth
   863 | D:2      | HP: 1/22 [leopard gecko (4)]
  1162 | D:2      | Reached skill level 1 in Fighting
  1274 | D:2      | Reached XP level 4. HP: 18/28 MP: 7/7
  1292 | D:2      | Learned a level 2 spell: Ensorcelled Hibernation
  1296 | D:2      | Learned a level 3 spell: Confuse
  2031 | D:2      | Noticed Robin
  2039 | D:2      | Slain by a goblin

Levels and vault maps discovered:
D:1:      dpeg_arrival_lava_altar, layout_rooms
D:2:      layout_rooms, minivault_24, uniq_crazy_yiuf_cottage, uniq_robin

Skill      XL: |  1  2  3  4 |
---------------+-------------+-----
Short Blades   | 2 |  2.3
Stealth        | 5 |  5.3
Fighting       | 1 2 |  2.0
Dodging        | |  2.0
Spellcasting   | |  2.0
Hexes          | |  3.0

Action                   |  1- 3 |  4- 6 || total
-------------------------+-------+-------++-------
Melee: Dagger            |    61 |    45 ||   106
       Constrict         |    15 |    11 ||    26
       Tentacles         |     7 |    10 ||    17
 Stab: Sleeping          |    10 |     3 ||    13
  Eat: Chunk             |     1 |     2 ||     3
Armor: Skin              |     5 |     7 ||    12
Dodge: Dodged            |    28 |    48 ||    76
